 Dungeon Crawl Stone Soup version 0.19.0-2-gae57169 (webtiles) character file.

126 kae the Slasher (level 4, 0/29 HPs)
             Began as a High Elf Gladiator on Nov 4, 2016.
             Slain by a kobold (2 damage)
             ... on level 3 of the Dungeon.
             The game lasted 00:01:53 (2243 turns).

kae the Slasher (High Elf Gladiator)                Turns: 2243, Time: 00:01:54

Health: 0/29       AC:  6    Str: 14    XL:     4   Next: 83%
Magic:  5/5        EV: 13    Int: 11    God:
Gold:   159        SH:  0    Dex: 17    Spells: 0 memorised, 3 levels left

rFire  . . .     SeeInvis .     b - +0 mace (protect)
rCold  . . .     Gourm    .     k - +0 leather armour
rNeg   . . .     Faith    .     (no shield)
rPois  .         Spirit   .     c - +0 helmet
rElec  .         Reflect  .     h - +1 cloak
rCorr  .         Harm     .     (no gloves)
MR     .....                    (no boots)
Stlth  +.........               (no amulet)
                                (no ring)
                                (no ring)

@: no status effects
A: no striking features
a: no special abilities


You were on level 3 of the Dungeon.
You were hungry.

You visited 1 branch of the dungeon, and saw 3 of its levels.

You collected 159 gold pieces.

Inventory:

Hand Weapons
 a - a +0 long sword
 b - a +0 mace of protection (weapon)
Missiles
 d - 3 throwing nets (quivered)
Armour
 c - a +0 helmet (worn)
 h - a +1 cloak (worn)
 k - a +0 leather armour (worn)
Scrolls
 i - 5 scrolls of remove curse {unknown}
 j - 2 scrolls of fog {unknown}
 m - 3 scrolls of identify
 n - a scroll of recharging {unknown}
 o - 2 scrolls of teleportation {unknown}
Potions
 g - 4 potions of heal wounds
 r - a potion of ambrosia
 s - a potion of agility
Comestibles
 f - 2 bread rations
 l - a meat ration
 p - 12 fruits


   Skills:
 - Level 2.0 Fighting
 + Level 6.8 Long Blades
 - Level 2.0 Throwing
 - Level 3.2 Dodging


You had 3 spell levels left.
You didn't know any spells.

Dungeon Overview and Level Annotations

Branches:
Dungeon (3/15)

Altars:
Fedhas
Ru
Sif Muna
The Shining One


Message History

You hit the big kobold.
The big kobold is almost dead.
The kobold misses you. The big kobold closely misses you.
You barely miss the big kobold.
The big kobold is almost dead.
The kobold closely misses you.
The big kobold hits you but does no damage.
The kobold hits you but does no damage.
You miss the big kobold.
The big kobold is almost dead.
The big kobold hits you with a club.
* * * LOW HITPOINT WARNING * * *
The kobold hits you.
* * * LOW HITPOINT WARNING * * *
The big kobold hits you with a club.
* * * LOW HITPOINT WARNING * * *
You closely miss the big kobold.
The big kobold is almost dead.
The kobold hits you.
You die...

≈.....≈≈≈≈≈≈≈≈≈≈≈....≈.≈≈.≈≈.≈.†≈
≈≈≈≈≈≈≈≈≈≈≈≈≈≈≈≈≈....≈≈≈≈≈≈≈≈≈≈≈≈
≈≈≈≈≈≈≈≈≈≈≈≈≈≈≈≈.(.(.≈≈≈≈≈≈≈≈≈≈≈≈
≈≈≈≈≈≈≈≈≈≈≈≈≈≈≈≈≈.)..≈≈≈≈≈≈≈≈≈≈≈≈
##################''#############
**,,,,,*,,,,,,,#.((.#,,,,,,,#...
**,,,,,,+,,,,,,,#..(.#,,,,,,,'...
*,,,,,..#########..).#########...
*,,,,,.........#@..(((#..........
+,,,,,........KKK...(.'..........
*,,,,,.........#......#..........
*,,,,,..#########....#########...
**,,,,,,+,,,,,,,#....#.....).'...
**,,,,,*,,,,,,,#....#.......#...
****************#################
≈≈≈≈≈≈≈≈≈≈≈≈≈≈≈≈≈≈≈≈≈≈≈≈≈≈≈≈≈≈≈≈≈
≈≈≈≈≈≈≈≈≈≈≈≈≈≈≈≈≈≈≈≈≈≈≈≈≈≈≈≈≈≈≈≈≈


You could see a big kobold and 2 kobolds.

Vanquished Creatures
  An iguana (D:3)
  2 adders
  An ooze (D:1)
  A worm (D:2)
  2 dart slugs (D:3)
  2 leopard geckos (D:3)
  5 orcs (D:3)
  2 ball pythons
  4 giant cockroaches
  6 hobgoblins
  A jackal (D:3)
  15 kobolds
  A quokka (D:3)
  3 bats
  3 frilled lizards
  6 goblins
  5 rats
60 creatures vanquished.

Notes
Turn   | Place    | Note
-------+----------+-------------------------------------------
     0 | D:1      | kae the High Elf Gladiator began the quest for the Orb.
     0 | D:1      | Reached XP level 1. HP: 14/14 MP: 2/2
    68 | D:1      | Reached skill level 4 in Long Blades
    85 | D:1      | Reached XP level 2. HP: 14/19 MP: 3/3
   633 | D:2      | Reached skill level 5 in Long Blades
   633 | D:2      | Reached XP level 3. HP: 22/24 MP: 4/4
  1012 | D:2      | Found a deep blue altar of Sif Muna.
  1273 | D:2      | Found a sacrificial altar of Ru.
  1300 | D:2      | Found a blossoming altar of Fedhas.
  1465 | D:3      | Found a faded altar of an unknown god.
  1653 | D:3      | Reached XP level 4. HP: 29/29 MP: 5/5
  1662 | D:3      | Reached skill level 6 in Long Blades
  2067 | D:3      | Found a glowing golden altar of the Shining One.
  2215 | D:3      | Noticed a big kobold
  2243 | D:3      | Slain by a kobold

Skill      XL: |  1  2  3  4 |
---------------+-------------+-----
Long Blades    | 4 5 6 |  6.8
Fighting       | |  2.0
Throwing       | |  2.0
Dodging        | |  3.2

Action                   |  1- 3 |  4- 6 || total
-------------------------+-------+-------++-------
Melee: Long sword        |    11 |       ||    11
       Mace              |    97 |    99 ||   196
  Use: Scroll            |       |     4 ||     4
 Stab: Sleeping          |     1 |       ||     1
  Eat: Chunk             |     2 |     2 ||     4
Armor: Leather armour    |    57 |    53 ||   110
Dodge: Dodged            |    99 |   108 ||   207
       Rpst.: Long sword |     4 |       ||     4
